Phoenix vs Flavour Savers

Created - Tuesday, October 22, 2019 at 10:34

Goals
1 2 3 T
Phoenix 0 1 1 2
Flavour Savers 1 3 0 4
Shots
1 2 3 T
Phoenix 9 15 16 40
Flavour Savers 10 12 12 34

1st period

1. Flavour Savers , Mark Giordano 1 (Mikhail Grigorenko 1) at 17:25 (PP)

Penalties :
Tommy Wingels (COL) for Holding (Minor) at 16:24

2nd period

2. Phoenix , Lucas Lessio 1 (Matt Puempel 1, Brett Sutter 1) at 0:53
3. Flavour Savers , Mikhail Grigorenko 1 (Sergey Kalinin 1, Steven Oleksy 1) at 7:42
4. Flavour Savers , Sergey Kalinin 1 (Matt Beleskey 1, Mikhail Grigorenko 2) at 14:20 (PP)
5. Flavour Savers , Max Domi 1 (Andreas Athanasiou 1, Jared McCann 1) at 17:57 (PP)

Penalties :
Matt Beleskey (MIN) for Hooking (Minor) at 6:32, Tommy Wingels (COL) for Interference (Minor) at 6:53, Matt Puempel (COL) for Goalie Interference (Minor) at 12:28, Kyle Brodziak (COL) for High sticking (Minor) at 17:49, Jim Slater (COL) for Tripping (Minor) at 19:57

3rd period

6. Phoenix , Tommy Wingels 1 (Stephen Johns 1, Mike Zalewski 1) at 3:23

Penalties :
Mark Giordano (MIN) for Interference (Minor) at 4:25, Brett Sutter (COL) for Roughing (Minor) at 13:54, Matt Beleskey (MIN) for Hooking (Minor) at 16:42

Goalie Stats

Magnus Hellberg (COL), 30 saves from 34 shots - (0.882), L, 0-1-0, 60:00 minutes
Scott Darling (MIN), 38 saves from 40 shots - (0.950), W, 1-0-0, 60:00 minutes

Players Stats for Phoenix

Player Name              G  A  P  +/- PIM S  H  SB GA TA FO     MP     PP MP  PK MP  
------------------------------------------------------------------------------------
Andrew MacWilliam        0  0  0  -1  0   1  0  1  0  0  0/0    19:50   1:45   2:36 
Ben Holmstrom            0  0  0   0  0   2  0  0  0  0  0/0     6:32   0:00   0:00 
Brett Lernout            0  0  0   1  0   2  1  0  0  0  0/0    11:11   0:00   0:00 
Brett Pesce              0  0  0   1  0   2  2  4  1  0  0/0    28:59   2:34   4:44 
Brett Sutter             0  1  1   1  2   3  1  2  0  1  4/14   11:37   0:00   1:54 
Chris Vande Velde        0  0  0   1  0   3  2  3  1  0  18/36  19:57   2:51   1:05 
Christian Djoos          0  0  0  -1  0   1  0  3  0  0  0/0    19:50   1:45   2:36 
Jim Slater               0  0  0   0  2   3  0  1  2  1  0/0    17:24   1:28   1:15 
Joseph Cramarossa        0  0  0   0  0   1  0  0  0  0  0/0     8:32   0:00   0:56 
Kevin Czuczman           0  0  0   1  0   0  0  0  0  1  0/0    11:11   0:00   0:00 
Kyle Brodziak            0  0  0   0  2   1  2  0  0  0  3/13   16:01   1:28   0:00 
Lucas Lessio             1  0  1   0  0   2  0  0  0  0  1/2    10:31   0:00   0:00 
Matt Puempel             0  1  1   0  2   2  2  0  0  0  0/0    10:27   0:00   0:05 
Mike Zalewski            0  1  1   1  0   1  2  1  1  0  0/0    24:04   2:51   4:16 
Par Lindholm             0  0  0   0  0   3  0  0  0  1  2/4     6:32   0:00   0:00 
Patrick Dwyer            0  0  0   0  0   3  1  0  0  0  0/0    17:26   1:28   2:03 
Stephen Johns            0  1  1   1  0   1  4  1  0  0  0/0    28:59   2:34   4:44 
Tommy Wingels            1  0  1   1  4   9  3  1  1  0  3/9    21:53   2:50   3:06 

Players Stats for Flavour Savers

Player Name              G  A  P  +/- PIM S  H  SB GA TA FO     MP     PP MP  PK MP  
------------------------------------------------------------------------------------
Alexey Marchenko         0  0  0  -1  0   2  0  1  0  0  0/0    26:49   3:20   2:45 
Andreas Athanasiou       0  1  1  -1  0   3  2  0  0  2  0/1    26:32   5:26   2:46 
Andrew Campbell          0  0  0   0  0   2  0  0  0  0  0/0    20:26   4:27   0:14 
Blair Jones              0  0  0   0  0   3  0  0  0  1  12/14  15:29   0:03   1:27 
Blake Pietila            0  0  0   0  0   1  0  0  0  0  1/1     6:29   0:03   1:19 
Connor Brickley          0  0  0  -1  0   0  0  0  0  0  1/2    12:20   0:03   0:20 
Frank Corrado            0  0  0  -1  0   0  0  6  0  0  0/0    14:58   0:59   1:34 
Jared McCann             0  1  1  -1  0   3  2  4  0  0  25/45  26:13   5:26   2:46 
Jonny Brodzinski         0  0  0  -1  0   1  1  3  0  0  0/0    14:52   0:00   0:00 
Josh Brown               0  0  0   0  0   0  1  2  0  0  0/0    13:59   0:00   1:39 
Mark Giordano            1  0  1  -1  2   3  0  1  0  1  0/0    23:58   2:53   0:50 
Matt Beleskey            0  1  1   0  4   3  1  0  0  0  0/0    15:15   1:51   0:00 
Max Domi                 1  0  1  -1  0   5  3  0  3  1  0/1    22:16   5:26   0:00 
Mike Reilly              0  0  0   0  0   0  0  0  0  0  0/0     0:00   0:00   0:00 
Mikhail Grigorenko       1  2  3   0  0   5  0  0  0  0  6/10   13:36   1:51   0:00 
Ryan White               0  0  0   0  0   0  1  0  1  0  1/3     4:36   0:00   0:00 
Sergey Kalinin           1  1  2   1  0   3  1  0  0  0  1/1    16:02   1:51   0:00 
Steven Oleksy            0  1  1   1  0   0  0  5  0  1  0/0    20:10   3:01   1:36 

3 Stars

1 - Mikhail Grigorenko (MIN)
2 - Scott Darling (MIN)
3 - Sergey Kalinin (MIN)

Power Play

Phoenix - 0 on 3 Attempt(s) - 0.00%
Flavour Savers - 3 on 6 Attempt(s) - 50.00%

Penalty Kill

Phoenix - 3 on 6 Attempt(s) - 50.00% - Score 0 goal in Penalty Kill
Flavour Savers - 3 on 3 Attempt(s) - 100.00% - Score 0 goal in Penalty Kill

Team Stat

Phoenix - Hits : 20 - Faceoff Wins : 31 - Blocked Shots : 17 - Penalty Minutes : 12
Flavour Savers - Hits : 12 - Faceoff Wins : 47 - Blocked Shots : 22 - Penalty Minutes : 6

Official

Referees : Francois StLaurent and Geno Binda
Linesman : Justin Prusak and Brian Oliver

Game Notes

Steven Oleksy is injured at 12:50 of 3rd period (Sprained Left Ankle)
14:04 of 3rd period - Flavour Savers goal is going for a video replay. After video review, No Goal. The puck has entered the net after making contact with an attacking player’s stick that is above the height of the crossbar.

Finance

Level 1 -- Attendance: 1500 (100.00%) -- Ticket Income $52,500
Level 2 -- Attendance: 1500 (100.00%) -- Ticket Income $22,500
Total Attendance: 3000 (100.00%)
Total Ticket Income: $75,000
Other Income: $3,750
Total Income: $78,750

Phoenix

5 vs 5 Forward 
   Center                   Left Wing                Right Wing               Time % Phy DF OF 
 1 Chris Vande Velde        Tommy Wingels            Mike Zalewski            40     1   2  2  
 2 Kyle Brodziak            Jim Slater               Patrick Dwyer            30     1   2  2  
 3 Brett Sutter             Lucas Lessio             Matt Puempel             20     1   2  2  
 4 Par Lindholm             Ben Holmstrom            Joseph Cramarossa        10     1   2  2  

5 vs 5 Defense 
   Defense                  Defense                                           Time % Phy DF OF 
 1 Brett Pesce              Stephen Johns                                     40     1   2  2  
 2 Andrew MacWilliam        Christian Djoos                                   30     1   2  2  
 3 Kevin Czuczman           Brett Lernout                                     20     1   2  2  
 4 Brett Pesce              Stephen Johns                                     10     1   2  2  

PowerPlay Forward 
   Center                   Left Wing                Right Wing               Time % Phy DF OF 
 1 Chris Vande Velde        Tommy Wingels            Mike Zalewski            60     1   2  2  
 2 Kyle Brodziak            Jim Slater               Patrick Dwyer            40     1   2  2  

PowerPlay Defense
   Defense                  Defense                                           Time % Phy DF OF 
 1 Brett Pesce              Stephen Johns                                     60     1   2  2  
 2 Andrew MacWilliam        Christian Djoos                                   40     1   2  2  

Penalty Kill 4 Players Forward 
   Center                   Wing                     Time % Phy DF OF 
 1 Tommy Wingels            Mike Zalewski            60     1   2  2  
 2 Jim Slater               Patrick Dwyer            40     1   2  2  

Penalty Kill 4 Players Defense
   Defense                  Defense                  Time % Phy DF OF 
 1 Brett Pesce              Stephen Johns            60     1   2  2  
 2 Andrew MacWilliam        Christian Djoos          40     1   2  2  

Penalty Kill - 3 Players Forward 
   Forward                                           Time % Phy DF OF 
 1 Tommy Wingels                                     60     1   2  2  
 2 Mike Zalewski                                     40     1   2  2  

Penalty Kill - 3 Players Defense
   Defense                  Defense                  Time % Phy DF OF 
 1 Brett Pesce              Stephen Johns            60     1   2  2  
 2 Andrew MacWilliam        Christian Djoos          40     1   2  2  

4 vs 4 Forward 
   Center                   Wing                     Time % Phy DF OF 
 1 Tommy Wingels            Mike Zalewski            60     1   2  2  
 2 Jim Slater               Patrick Dwyer            40     1   2  2  

4 vs 4 Defense
   Defense                  Defense                  Time % Phy DF OF 
 1 Brett Pesce              Stephen Johns            60     1   2  2  
 2 Andrew MacWilliam        Christian Djoos          40     1   2  2  

Last Minutes Offensive
   Center                   Left Wing                Right Wing               Defense                  Defense                  
   Chris Vande Velde        Tommy Wingels            Mike Zalewski            Brett Pesce              Stephen Johns            

Last Minutes Defensive
   Center                   Left Wing                Right Wing               Defense                  Defense                  
   Chris Vande Velde        Tommy Wingels            Mike Zalewski            Brett Pesce              Stephen Johns            

Goaltenders
Starting : Magnus Hellberg          
Backup : Kristers Gudlevskis      

Extra Forwards
Normal : Lucas Lessio, Matt Puempel, Brett Sutter - PP : Lucas Lessio, Matt Puempel - PK : Brett Sutter
Extra Defensemen
Normal : Kevin Czuczman, Brett Pesce, Andrew MacWilliam - PP : Kevin Czuczman - PK : Stephen Johns, Andrew MacWilliam
Penalty Shots
Tommy Wingels, Mike Zalewski, Jim Slater, Patrick Dwyer, Chris Vande Velde
Custom OT Lines Forwards
Tommy Wingels, Mike Zalewski, Jim Slater, Patrick Dwyer, Chris Vande Velde, Lucas Lessio, Matt Puempel, Kyle Brodziak, Brett Sutter, Ben Holmstrom
Custom OT Lines Defensemen
Brett Pesce, Stephen Johns, Andrew MacWilliam, Christian Djoos, Kevin Czuczman

Scratches
Boo Nieves (Healthy), Chandler Stephenson (Healthy), Michael Haley (Healthy), Bogdan Kiselevich (Healthy), Daniel Carr (Healthy)
Barclay Goodrow (Healthy), Jaycob Megna (Healthy), Tye McGinn (Healthy), John McFarland (Healthy), Taylor Leier (Healthy)
Kevin Porter (Healthy), David Rittich (Healthy)

Flavour Savers

5 vs 5 Forward 
   Center                   Left Wing                Right Wing               Time % Phy DF OF 
 1 Jared McCann             Max Domi                 Andreas Athanasiou       39     0   1  4  
 2 Blair Jones              Sergey Kalinin           Matt Beleskey            30     0   1  4  
 3 Mikhail Grigorenko       Connor Brickley          Jonny Brodzinski         24     1   3  1  
 4 Ryan White               Blake Pietila            Jonny Brodzinski         7      1   3  1  

5 vs 5 Defense 
   Defense                  Defense                                           Time % Phy DF OF 
 1 Alexey Marchenko         Mark Giordano                                     41     1   2  2  
 2 Steven Oleksy            Andrew Campbell                                   35     1   2  2  
 3 Josh Brown               Frank Corrado                                     24     1   2  2  
 4 Mark Giordano            Frank Corrado                                     0      1   2  2  

PowerPlay Forward 
   Center                   Left Wing                Right Wing               Time % Phy DF OF 
 1 Jared McCann             Andreas Athanasiou       Max Domi                 65     0   0  5  
 2 Mikhail Grigorenko       Sergey Kalinin           Matt Beleskey            35     0   1  4  

PowerPlay Defense
   Defense                  Defense                                           Time % Phy DF OF 
 1 Alexey Marchenko         Mark Giordano                                     64     0   2  3  
 2 Andrew Campbell          Steven Oleksy                                     36     0   2  3  

Penalty Kill 4 Players Forward 
   Center                   Wing                     Time % Phy DF OF 
 1 Jared McCann             Andreas Athanasiou       60     1   2  2  
 2 Blair Jones              Blake Pietila            40     1   2  2  

Penalty Kill 4 Players Defense
   Defense                  Defense                  Time % Phy DF OF 
 1 Steven Oleksy            Alexey Marchenko         60     1   2  2  
 2 Mark Giordano            Frank Corrado            40     1   2  2  

Penalty Kill - 3 Players Forward 
   Forward                                           Time % Phy DF OF 
 1 Jared McCann                                      60     1   2  2  
 2 Jonny Brodzinski                                  40     1   2  2  

Penalty Kill - 3 Players Defense
   Defense                  Defense                  Time % Phy DF OF 
 1 Alexey Marchenko         Steven Oleksy            60     1   2  2  
 2 Frank Corrado            Mark Giordano            40     1   2  2  

4 vs 4 Forward 
   Center                   Wing                     Time % Phy DF OF 
 1 Jared McCann             Andreas Athanasiou       60     1   2  2  
 2 Mikhail Grigorenko       Sergey Kalinin           40     1   2  2  

4 vs 4 Defense
   Defense                  Defense                  Time % Phy DF OF 
 1 Alexey Marchenko         Mark Giordano            60     1   2  2  
 2 Josh Brown               Steven Oleksy            40     1   2  2  

Last Minutes Offensive
   Center                   Left Wing                Right Wing               Defense                  Defense                  
   Jared McCann             Andreas Athanasiou       Max Domi                 Alexey Marchenko         Mark Giordano            

Last Minutes Defensive
   Center                   Left Wing                Right Wing               Defense                  Defense                  
   Blair Jones              Blake Pietila            Mikhail Grigorenko       Frank Corrado            Steven Oleksy            

Goaltenders
Starting : Scott Darling            
Backup : Malcolm Subban           

Extra Forwards
Normal : Sergey Kalinin, Ryan White, Mikhail Grigorenko - PP : Matt Beleskey, Connor Brickley - PK : Blake Pietila
Extra Defensemen
Normal : Frank Corrado, Josh Brown, Alexey Marchenko - PP : Andrew Campbell - PK : Josh Brown, Steven Oleksy
Penalty Shots
Andreas Athanasiou, Jared McCann, Max Domi, Mikhail Grigorenko, Sergey Kalinin
Custom OT Lines Forwards
Andreas Athanasiou, Jared McCann, Max Domi, Sergey Kalinin, Mikhail Grigorenko, Blair Jones, Blake Pietila, Matt Beleskey, Jonny Brodzinski, Connor Brickley
Custom OT Lines Defensemen
Alexey Marchenko, Andrew Campbell, Mark Giordano, Frank Corrado, Steven Oleksy

Scratches
Spencer Martin (Healthy)

% Time on Ice - Phoenix

Lines # - Real PCT - Wanted PCT - Time Play
Normal Forward
1 - 36% - 40% - 16:51
2 - 30% - 30% - 13:55
3 - 20% - 20% - 9:25
4 - 14% - 10% - 6:32
Normal Defense
1 - 39% - 40% - 18:11
2 - 32% - 30% - 14:47
3 - 24% - 20% - 11:11
4 - 5% - 10% - 2:34
PP Forward
1 - 66% - 60% - 2:51
2 - 34% - 40% - 1:28
PP Defense
1 - 59% - 60% - 2:34
2 - 41% - 40% - 1:45
PK Forward
1 - 72% - 60% - 5:17
2 - 28% - 40% - 2:03
PK Defense
1 - 65% - 60% - 4:44
2 - 35% - 40% - 2:36
PK3 Forward
1 - 0% - 60%
2 - 0% - 40%
PK3 Defense
1 - 0% - 60%
2 - 0% - 40%
44 Forward
1 - 100% - 60% - 1:38
2 - 0% - 40% - 0:00
44 Defense
1 - 57% - 60% - 0:56
2 - 43% - 40% - 0:42
Last Minute Offensive  - 0:00
Last Minute Defensive  - 0:00
Total
Forward - 60:00
Defense - 60:00

% Time on Ice - Flavour Savers

Lines # - Real PCT - Wanted PCT - Time Play
Normal Forward
1 - 38% - 39% - 17:48
2 - 29% - 30% - 13:25
3 - 24% - 24% - 11:20
4 - 9% - 7% - 4:10
Normal Defense
1 - 41% - 41% - 19:21
2 - 33% - 35% - 15:17
3 - 26% - 24% - 12:05
4 - 0% - 0% - 0:00
PP Forward
1 - 75% - 65% - 5:29
2 - 25% - 35% - 1:51
PP Defense
1 - 39% - 64% - 2:53
2 - 61% - 36% - 4:27
PK Forward
1 - 86% - 60% - 3:42
2 - 14% - 40% - 0:37
PK Defense
1 - 64% - 60% - 2:45
2 - 36% - 40% - 1:34
PK3 Forward
1 - 0% - 60%
2 - 0% - 40%
PK3 Defense
1 - 0% - 60%
2 - 0% - 40%
44 Forward
1 - 77% - 60% - 1:15
2 - 23% - 40% - 0:23
44 Defense
1 - 85% - 60% - 1:23
2 - 15% - 40% - 0:15
Last Minute Offensive  - 0:00
Last Minute Defensive  - 0:00
Total
Forward - 60:00
Defense - 60:00

Play-by-Play

1st period


0:01 of 1st period - Jared McCann wins face-off versus Chris Vande Velde in neutral zone.
0:04 of 1st period - Wrist shot by Max Domi.
0:04 of 1st period - Shot Misses the Net.
0:14 of 1st period - Slapshot by Tommy Wingels.
0:14 of 1st period - Shot Misses the Net.
0:31 of 1st period - Slapshot by Christian Djoos.
0:31 of 1st period - Shot Misses the Net.
0:33 of 1st period - Wrist shot by Kyle Brodziak.
0:33 of 1st period - Deflect By Patrick Dwyer.
0:33 of 1st period - Stopped by Scott Darling without a rebound.
0:34 of 1st period - Brett Sutter wins face-off versus Mikhail Grigorenko in Flavour Savers zone.
1:25 of 1st period - Andreas Athanasiou is hit by Chris Vande Velde and loses puck.
2:12 of 1st period - Connor Brickley is hit by Matt Puempel and loses puck.
2:29 of 1st period - Par Lindholm is hit by Matt Beleskey and loses puck.
2:35 of 1st period - Off-side.
2:36 of 1st period - Chris Vande Velde wins face-off versus Jared McCann in neutral zone.
4:04 of 1st period - Snap shot by Matt Beleskey.
4:04 of 1st period - Shot Misses the Net.
4:06 of 1st period - Slapshot by Steven Oleksy.
4:06 of 1st period - Shot Misses the Net.
4:08 of 1st period - Snap shot by Blair Jones.
4:08 of 1st period - Shot Blocked by Christian Djoos.
4:33 of 1st period - Off-side.
4:34 of 1st period - Jared McCann wins face-off versus Brett Sutter in neutral zone.
5:55 of 1st period - Ben Holmstrom is hit by Sergey Kalinin and loses puck.
6:06 of 1st period - Snap shot by Par Lindholm.
6:06 of 1st period - Stopped by Scott Darling without a rebound.
6:07 of 1st period - Chris Vande Velde wins face-off versus Jared McCann in Flavour Savers zone.
6:35 of 1st period - Snap shot by Max Domi.
6:35 of 1st period - Deflect By Mikhail Grigorenko.
6:35 of 1st period - Shot Misses the Net.
6:35 of 1st period - Puck is out of play.
6:36 of 1st period - Kyle Brodziak wins face-off versus Mikhail Grigorenko in Phoenix zone.
7:26 of 1st period - Off-side.
7:27 of 1st period - Jared McCann wins face-off versus Brett Sutter in neutral zone.
7:36 of 1st period - Slapshot by Max Domi.
7:36 of 1st period - Shot Misses the Net.
7:38 of 1st period - Slapshot by Andrew Campbell.
7:38 of 1st period - Shot Blocked by Christian Djoos.
7:54 of 1st period - Chris Vande Velde is hit by Jonny Brodzinski and loses puck.
8:37 of 1st period - Off-side.
8:38 of 1st period - Ryan White wins face-off versus Chris Vande Velde in neutral zone.
8:40 of 1st period - Off-side.
8:41 of 1st period - Chris Vande Velde wins face-off versus Ryan White in neutral zone.
8:56 of 1st period - Snap shot by Tommy Wingels.
8:56 of 1st period - Stopped by Scott Darling without a rebound.
8:57 of 1st period - Jared McCann wins face-off versus Kyle Brodziak in Flavour Savers zone.
8:57 of 1st period - Jared McCann is hit by Stephen Johns.
9:09 of 1st period - Brett Pesce is hit by Jared McCann and loses puck.
9:24 of 1st period - Mark Giordano is hit by Stephen Johns and loses puck.
9:59 of 1st period - Wrist shot by Par Lindholm.
9:59 of 1st period - Stopped by Scott Darling with a rebound.
10:09 of 1st period - Slapshot by Chris Vande Velde.
10:09 of 1st period - Stopped by Scott Darling without a rebound.
10:10 of 1st period - Jared McCann wins face-off versus Chris Vande Velde in Flavour Savers zone.
10:10 of 1st period - Jared McCann is hit by Tommy Wingels.
10:18 of 1st period - Wrist shot by Andreas Athanasiou.
10:18 of 1st period - Shot Misses the Net.
11:31 of 1st period - Snap shot by Matt Beleskey.
11:31 of 1st period - Stopped by Magnus Hellberg without a rebound.
11:32 of 1st period - Chris Vande Velde wins face-off versus Jared McCann in Phoenix zone.
11:59 of 1st period - Jonny Brodzinski is hit by Kyle Brodziak and loses puck.
12:20 of 1st period - Snap shot by Ben Holmstrom.
12:20 of 1st period - Stopped by Scott Darling without a rebound.
12:21 of 1st period - Par Lindholm wins face-off versus Ryan White in Flavour Savers zone.
12:26 of 1st period - Snap shot by Par Lindholm.
12:26 of 1st period - Shot Blocked by Frank Corrado.
12:34 of 1st period - Backhand shot by Par Lindholm.
12:34 of 1st period - Shot Blocked by Jonny Brodzinski.
12:57 of 1st period - Wrist shot by Max Domi.
12:57 of 1st period - Shot Blocked by Chris Vande Velde.
13:09 of 1st period - Slapshot by Matt Beleskey.
13:09 of 1st period - Stopped by Magnus Hellberg without a rebound.
13:10 of 1st period - Blair Jones wins face-off versus Kyle Brodziak in Phoenix zone.
13:23 of 1st period - Slapshot by Brett Pesce.
13:23 of 1st period - Shot Blocked by Alexey Marchenko.
13:44 of 1st period - Wrist shot by Mikhail Grigorenko.
13:44 of 1st period - Shot Misses the Net.
13:46 of 1st period - Slapshot by Jonny Brodzinski.
13:46 of 1st period - Deflect By Mikhail Grigorenko.
13:46 of 1st period - Shot Blocked by Chris Vande Velde.
13:46 of 1st period - Puck is out of play.
13:47 of 1st period - Jared McCann wins face-off versus Kyle Brodziak in Phoenix zone.
13:59 of 1st period - Slapshot by Max Domi.
13:59 of 1st period - Stopped by Magnus Hellberg without a rebound.
14:00 of 1st period - Chris Vande Velde wins face-off versus Jared McCann in Phoenix zone.
14:09 of 1st period - Snap shot by Andreas Athanasiou.
14:09 of 1st period - Stopped by Magnus Hellberg with a rebound.
14:11 of 1st period - Slapshot by Steven Oleksy.
14:11 of 1st period - Shot Misses the Net.
14:13 of 1st period - Wrist shot by Andreas Athanasiou.
14:13 of 1st period - Shot Misses the Net.
14:15 of 1st period - Wrist shot by Andreas Athanasiou.
14:15 of 1st period - Stopped by Magnus Hellberg without a rebound.
14:16 of 1st period - Blair Jones wins face-off versus Brett Sutter in Phoenix zone.
14:17 of 1st period - Wrist shot by Sergey Kalinin.
14:17 of 1st period - Shot Blocked by Brett Pesce.
14:19 of 1st period - Snap shot by Alexey Marchenko.
14:19 of 1st period - Shot Misses the Net.
14:21 of 1st period - Snap shot by Sergey Kalinin.
14:21 of 1st period - Stopped by Magnus Hellberg without a rebound.
14:22 of 1st period - Blair Jones wins face-off versus Brett Sutter in Phoenix zone.
15:36 of 1st period - Wrist shot by Blair Jones.
15:36 of 1st period - Shot Misses the Net.
15:38 of 1st period - Slapshot by Matt Beleskey.
15:38 of 1st period - Shot Blocked by Christian Djoos.
15:42 of 1st period - Wrist shot by Sergey Kalinin.
15:42 of 1st period - Shot Misses the Net.
16:00 of 1st period - Slapshot by Andrew MacWilliam.
16:00 of 1st period - Shot Blocked by Jonny Brodzinski.
16:02 of 1st period - Backhand shot by Christian Djoos.
16:02 of 1st period - Shot Blocked by Josh Brown.
16:04 of 1st period - Wrist shot by Christian Djoos.
16:04 of 1st period - Shot Blocked by Frank Corrado.
16:24 of 1st period - Minor Penalty to Tommy Wingels for Holding.
16:25 of 1st period - Jared McCann wins face-off versus Brett Sutter in Phoenix zone.
16:26 of 1st period - Snap shot by Max Domi.
16:26 of 1st period - Shot Misses the Net.
16:28 of 1st period - Wrist shot by Jared McCann.
16:28 of 1st period - Shot Misses the Net.
16:30 of 1st period - Snap shot by Max Domi.
16:30 of 1st period - Shot Blocked by Mike Zalewski.
16:32 of 1st period - Snap shot by Jared McCann.
16:32 of 1st period - Stopped by Magnus Hellberg without a rebound.
16:33 of 1st period - Jared McCann wins face-off versus Brett Sutter in Phoenix zone.
16:40 of 1st period - Snap shot by Andreas Athanasiou.
16:40 of 1st period - Shot Misses the Net.
16:53 of 1st period - Icing by Jared McCann.
16:54 of 1st period - Chris Vande Velde wins face-off versus Max Domi in Flavour Savers zone.
17:05 of 1st period - Stephen Johns is hit by Andreas Athanasiou and loses puck.
17:12 of 1st period - Snap shot by Max Domi.
17:12 of 1st period - Deflect By Andreas Athanasiou.
17:12 of 1st period - Stopped by Magnus Hellberg without a rebound.
17:13 of 1st period - Brett Sutter wins face-off versus Mikhail Grigorenko in Phoenix zone.
17:19 of 1st period - Icing by Matt Beleskey.
17:20 of 1st period - Mikhail Grigorenko wins face-off versus Brett Sutter in Flavour Savers zone.
17:25 of 1st period - Wrist shot by Mark Giordano.
17:25 of 1st period - Deflect By Mike Zalewski.
17:25 of 1st period - Goal by Mark Giordano - Phoenix : 0 - Flavour Savers : 1.
17:26 of 1st period - Jared McCann wins face-off versus Chris Vande Velde in neutral zone.
17:31 of 1st period - Icing by Mike Zalewski.
17:32 of 1st period - Chris Vande Velde wins face-off versus Jared McCann in Phoenix zone.
17:43 of 1st period - Snap shot by Chris Vande Velde.
17:43 of 1st period - Shot Misses the Net.
17:45 of 1st period - Wrist shot by Tommy Wingels.
17:45 of 1st period - Deflect By Andreas Athanasiou.
17:45 of 1st period - Stopped by Scott Darling with a rebound.
17:47 of 1st period - Snap shot by Tommy Wingels.
17:47 of 1st period - Stopped by Scott Darling with a rebound.
18:03 of 1st period - Wrist shot by Mikhail Grigorenko.
18:03 of 1st period - Shot Blocked by Jim Slater.
18:05 of 1st period - Wrist shot by Mark Giordano.
18:05 of 1st period - Shot Blocked by Brett Pesce.
18:07 of 1st period - Wrist shot by Mikhail Grigorenko.
18:07 of 1st period - Shot Misses the Net.
18:19 of 1st period - Slapshot by Brett Pesce.
18:19 of 1st period - Shot Misses the Net.
18:21 of 1st period - Slapshot by Brett Pesce.
18:21 of 1st period - Deflect By Blair Jones.
18:21 of 1st period - Stopped by Scott Darling without a rebound.
18:22 of 1st period - Blair Jones wins face-off versus Brett Sutter in Flavour Savers zone.
18:47 of 1st period - Max Domi is hit by Mike Zalewski and loses puck.
19:18 of 1st period - Steven Oleksy is hit by Patrick Dwyer and loses puck.
19:33 of 1st period - Frank Corrado is hit by Brett Lernout and loses puck.
19:40 of 1st period - Wrist shot by Josh Brown.
19:40 of 1st period - Deflect By Blair Jones.
19:40 of 1st period - Stopped by Magnus Hellberg without a rebound.
19:41 of 1st period - Chris Vande Velde wins face-off versus Andreas Athanasiou in Phoenix zone.
19:50 of 1st period - Andreas Athanasiou is hit by Mike Zalewski and loses puck.
Goals for this period are 0 for Phoenix vs 1 for Flavour Savers.
Shots for this period are 9 for Phoenix vs 10 for Flavour Savers.

2nd period


0:01 of 2nd period - Chris Vande Velde wins face-off versus Jared McCann in neutral zone.
0:06 of 2nd period - Snap shot by Tommy Wingels.
0:06 of 2nd period - Stopped by Scott Darling with a rebound.
0:08 of 2nd period - Snap shot by Tommy Wingels.
0:08 of 2nd period - Stopped by Scott Darling with a rebound.
0:10 of 2nd period - Wrist shot by Chris Vande Velde.
0:10 of 2nd period - Stopped by Scott Darling with a rebound.
0:12 of 2nd period - Slapshot by Stephen Johns.
0:12 of 2nd period - Deflect By Max Domi.
0:12 of 2nd period - Stopped by Scott Darling with a rebound.
0:14 of 2nd period - Snap shot by Mike Zalewski.
0:14 of 2nd period - Shot Misses the Net.
0:16 of 2nd period - Slapshot by Brett Pesce.
0:16 of 2nd period - Shot Blocked by Jared McCann.
0:47 of 2nd period - Wrist shot by Matt Puempel.
0:47 of 2nd period - Shot Misses the Net.
0:49 of 2nd period - Snap shot by Lucas Lessio.
0:49 of 2nd period - Deflect By Matt Puempel.
0:49 of 2nd period - Shot Misses the Net.
0:49 of 2nd period - Puck is out of play.
0:50 of 2nd period - Brett Sutter wins face-off versus Mikhail Grigorenko in Flavour Savers zone.
0:51 of 2nd period - Snap shot by Matt Puempel.
0:51 of 2nd period - Stopped by Scott Darling with a rebound.
0:53 of 2nd period - Wrist shot by Lucas Lessio.
0:53 of 2nd period - Goal by Lucas Lessio - Phoenix : 1 - Flavour Savers : 1.
0:54 of 2nd period - Chris Vande Velde wins face-off versus Jared McCann in neutral zone.
1:21 of 2nd period - Jonny Brodzinski is hit by Stephen Johns and loses puck.
1:50 of 2nd period - Snap shot by Patrick Dwyer.
1:50 of 2nd period - Stopped by Scott Darling without a rebound.
1:51 of 2nd period - Chris Vande Velde wins face-off versus Jared McCann in Flavour Savers zone.
1:52 of 2nd period - Wrist shot by Tommy Wingels.
1:52 of 2nd period - Shot Misses the Net.
2:45 of 2nd period - Wrist shot by Mikhail Grigorenko.
2:45 of 2nd period - Deflect By Jonny Brodzinski.
2:45 of 2nd period - Shot Misses the Net.
2:45 of 2nd period - Puck is out of play.
2:46 of 2nd period - Jared McCann wins face-off versus Chris Vande Velde in Phoenix zone.
2:47 of 2nd period - Snap shot by Andreas Athanasiou.
2:47 of 2nd period - Deflect By Max Domi.
2:47 of 2nd period - Deflect By Andrew MacWilliam.
2:47 of 2nd period - Shot Misses the Net.
2:47 of 2nd period - Puck is out of play.
2:48 of 2nd period - Chris Vande Velde wins face-off versus Jared McCann in Phoenix zone.
3:15 of 2nd period - Snap shot by Jim Slater.
3:15 of 2nd period - Stopped by Scott Darling with a rebound.
3:17 of 2nd period - Wrist shot by Jim Slater.
3:17 of 2nd period - Stopped by Scott Darling without a rebound.
3:18 of 2nd period - Blair Jones wins face-off versus Kyle Brodziak in Flavour Savers zone.
3:29 of 2nd period - Wrist shot by Sergey Kalinin.
3:29 of 2nd period - Shot Misses the Net.
3:37 of 2nd period - Wrist shot by Matt Beleskey.
3:37 of 2nd period - Stopped by Magnus Hellberg without a rebound.
3:38 of 2nd period - Jared McCann wins face-off versus Chris Vande Velde in Phoenix zone.
4:14 of 2nd period - Snap shot by Mark Giordano.
4:14 of 2nd period - Shot Misses the Net.
4:35 of 2nd period - Slapshot by Mark Giordano.
4:35 of 2nd period - Stopped by Magnus Hellberg with a rebound.
4:37 of 2nd period - Slapshot by Alexey Marchenko.
4:37 of 2nd period - Stopped by Magnus Hellberg with a rebound.
4:47 of 2nd period - Frank Corrado is hit by Tommy Wingels and loses puck.
5:14 of 2nd period - Joseph Cramarossa is hit by Ryan White and loses puck.
5:20 of 2nd period - Icing by Kevin Czuczman.
5:21 of 2nd period - Blair Jones wins face-off versus Par Lindholm in Phoenix zone.
6:32 of 2nd period - Minor Penalty to Matt Beleskey for Hooking.
6:33 of 2nd period - Chris Vande Velde wins face-off versus Jared McCann in Flavour Savers zone.
6:39 of 2nd period - Snap shot by Tommy Wingels.
6:39 of 2nd period - Stopped by Scott Darling with a rebound.
6:53 of 2nd period - Minor Penalty to Tommy Wingels for Interference.
6:54 of 2nd period - Lucas Lessio wins face-off versus Jared McCann in Phoenix zone.
7:40 of 2nd period - Snap shot by Sergey Kalinin.
7:40 of 2nd period - Shot Misses the Net.
7:42 of 2nd period - Wrist shot by Mikhail Grigorenko.
7:42 of 2nd period - Goal by Mikhail Grigorenko - Phoenix : 1 - Flavour Savers : 2.
7:43 of 2nd period - Jared McCann wins face-off versus Lucas Lessio in neutral zone.
7:59 of 2nd period - Snap shot by Mike Zalewski.
7:59 of 2nd period - Shot Blocked by Jared McCann.
8:31 of 2nd period - Slapshot by Mikhail Grigorenko.
8:31 of 2nd period - Shot Blocked by Brett Sutter.
8:32 of 2nd period - Penalty to Matt Beleskey is over, Matt Beleskey is back on ice.
8:53 of 2nd period - Penalty to Tommy Wingels is over, Tommy Wingels is back on ice.
9:03 of 2nd period - Wrist shot by Chris Vande Velde.
9:03 of 2nd period - Stopped by Scott Darling without a rebound.
9:04 of 2nd period - Blake Pietila wins face-off versus Kyle Brodziak in Flavour Savers zone.
9:38 of 2nd period - Snap shot by Brett Pesce.
9:38 of 2nd period - Shot Blocked by Josh Brown.
9:40 of 2nd period - Wrist shot by Brett Sutter.
9:40 of 2nd period - Shot Misses the Net.
9:42 of 2nd period - Slapshot by Brett Pesce.
9:42 of 2nd period - Stopped by Scott Darling without a rebound.
9:43 of 2nd period - Jared McCann wins face-off versus Chris Vande Velde in Flavour Savers zone.
9:58 of 2nd period - Wrist shot by Tommy Wingels.
9:58 of 2nd period - Shot Blocked by Jared McCann.
10:15 of 2nd period - Wrist shot by Mikhail Grigorenko.
10:15 of 2nd period - Shot Misses the Net.
10:31 of 2nd period - Slapshot by Sergey Kalinin.
10:31 of 2nd period - Shot Misses the Net.
10:33 of 2nd period - Snap shot by Matt Beleskey.
10:33 of 2nd period - Shot Blocked by Brett Sutter.
10:35 of 2nd period - Wrist shot by Alexey Marchenko.
10:35 of 2nd period - Stopped by Magnus Hellberg with a rebound.
10:37 of 2nd period - Snap shot by Mark Giordano.
10:37 of 2nd period - Stopped by Magnus Hellberg with a rebound.
10:39 of 2nd period - Wrist shot by Blair Jones.
10:39 of 2nd period - Stopped by Magnus Hellberg without a rebound.
10:40 of 2nd period - Chris Vande Velde wins face-off versus Jared McCann in Phoenix zone.
10:55 of 2nd period - Slapshot by Tommy Wingels.
10:55 of 2nd period - Stopped by Scott Darling with a rebound.
11:05 of 2nd period - Max Domi is hit by Brett Pesce and loses puck.
11:10 of 2nd period - Snap shot by Christian Djoos.
11:10 of 2nd period - Stopped by Scott Darling with a rebound.
11:12 of 2nd period - Wrist shot by Lucas Lessio.
11:12 of 2nd period - Shot Misses the Net.
11:30 of 2nd period - Slapshot by Mikhail Grigorenko.
11:30 of 2nd period - Stopped by Magnus Hellberg without a rebound.
11:31 of 2nd period - Mikhail Grigorenko wins face-off versus Kyle Brodziak in Phoenix zone.
11:32 of 2nd period - Slapshot by Alexey Marchenko.
11:32 of 2nd period - Shot Misses the Net.
11:37 of 2nd period - Off-side.
11:38 of 2nd period - Blair Jones wins face-off versus Chris Vande Velde in neutral zone.
11:41 of 2nd period - Slapshot by Alexey Marchenko.
11:41 of 2nd period - Shot Misses the Net.
12:28 of 2nd period - Minor Penalty to Matt Puempel for Goalie Interference.
12:29 of 2nd period - Jared McCann wins face-off versus Tommy Wingels in Phoenix zone.
12:31 of 2nd period - Snap shot by Jared McCann.
12:31 of 2nd period - Shot Blocked by Tommy Wingels.
12:33 of 2nd period - Slapshot by Andrew Campbell.
12:33 of 2nd period - Deflect By Mike Zalewski.
12:33 of 2nd period - Stopped by Magnus Hellberg without a rebound.
12:34 of 2nd period - Tommy Wingels wins face-off versus Jared McCann in Phoenix zone.
13:11 of 2nd period - Wrist shot by Andreas Athanasiou.
13:11 of 2nd period - Shot Blocked by Brett Pesce.
13:45 of 2nd period - Andrew MacWilliam is hit by Andreas Athanasiou.
14:20 of 2nd period - Slapshot by Sergey Kalinin.
14:20 of 2nd period - Deflect By Jim Slater.
14:20 of 2nd period - Goal by Sergey Kalinin - Phoenix : 1 - Flavour Savers : 3.
14:21 of 2nd period - Blair Jones wins face-off versus Chris Vande Velde in neutral zone.
15:19 of 2nd period - Christian Djoos is hit by Josh Brown and loses puck.
15:24 of 2nd period - Slapshot by Sergey Kalinin.
15:24 of 2nd period - Stopped by Magnus Hellberg with a rebound.
15:30 of 2nd period - Snap shot by Andrew MacWilliam.
15:30 of 2nd period - Shot Blocked by Frank Corrado.
16:25 of 2nd period - Wrist shot by Brett Sutter.
16:25 of 2nd period - Stopped by Scott Darling with a rebound.
16:31 of 2nd period - Snap shot by Patrick Dwyer.
16:31 of 2nd period - Shot Misses the Net.
16:33 of 2nd period - Slapshot by Brett Lernout.
16:33 of 2nd period - Shot Blocked by Mark Giordano.
16:35 of 2nd period - Wrist shot by Kyle Brodziak.
16:35 of 2nd period - Shot Misses the Net.
17:07 of 2nd period - Wrist shot by Mike Zalewski.
17:07 of 2nd period - Shot Misses the Net.
17:21 of 2nd period - Jared McCann is hit by Brett Sutter and loses puck.
17:49 of 2nd period - Minor Penalty to Kyle Brodziak for High sticking.
17:50 of 2nd period - Jared McCann wins face-off versus Tommy Wingels in Phoenix zone.
17:57 of 2nd period - Snap shot by Max Domi.
17:57 of 2nd period - Goal by Max Domi - Phoenix : 1 - Flavour Savers : 4.
17:58 of 2nd period - Jared McCann wins face-off versus Chris Vande Velde in neutral zone.
19:33 of 2nd period - Wrist shot by Andreas Athanasiou.
19:33 of 2nd period - Shot Misses the Net.
19:35 of 2nd period - Slapshot by Mark Giordano.
19:35 of 2nd period - Shot Misses the Net.
19:57 of 2nd period - Minor Penalty to Jim Slater for Tripping.
19:58 of 2nd period - Tommy Wingels wins face-off versus Jared McCann in Phoenix zone.
Goals for this period are 1 for Phoenix vs 3 for Flavour Savers.
Shots for this period are 15 for Phoenix vs 12 for Flavour Savers.

3rd period


0:01 of 3rd period - Jared McCann wins face-off versus Tommy Wingels in neutral zone.
0:38 of 3rd period - Slapshot by Mikhail Grigorenko.
0:38 of 3rd period - Stopped by Magnus Hellberg with a rebound.
0:40 of 3rd period - Snap shot by Matt Beleskey.
0:40 of 3rd period - Shot Misses the Net.
1:57 of 3rd period - Penalty to Jim Slater is over, Jim Slater is back on ice.
1:59 of 3rd period - Slapshot by Chris Vande Velde.
1:59 of 3rd period - Deflect By Joseph Cramarossa.
1:59 of 3rd period - Shot Misses the Net.
1:59 of 3rd period - Puck is out of play.
2:00 of 3rd period - Par Lindholm wins face-off versus Connor Brickley in Flavour Savers zone.
2:15 of 3rd period - Wrist shot by Ben Holmstrom.
2:15 of 3rd period - Shot Misses the Net.
2:30 of 3rd period - Wrist shot by Blair Jones.
2:30 of 3rd period - Stopped by Magnus Hellberg with a rebound.
2:32 of 3rd period - Snap shot by Blake Pietila.
2:32 of 3rd period - Stopped by Magnus Hellberg without a rebound.
2:33 of 3rd period - Jared McCann wins face-off versus Chris Vande Velde in Phoenix zone.
3:13 of 3rd period - Slapshot by Brett Pesce.
3:13 of 3rd period - Shot Blocked by Frank Corrado.
3:15 of 3rd period - Wrist shot by Mike Zalewski.
3:15 of 3rd period - Shot Misses the Net.
3:17 of 3rd period - Slapshot by Chris Vande Velde.
3:17 of 3rd period - Shot Misses the Net.
3:19 of 3rd period - Wrist shot by Tommy Wingels.
3:19 of 3rd period - Stopped by Scott Darling with a rebound.
3:21 of 3rd period - Snap shot by Mike Zalewski.
3:21 of 3rd period - Shot Misses the Net.
3:23 of 3rd period - Wrist shot by Stephen Johns.
3:23 of 3rd period - Deflect By Tommy Wingels.
3:23 of 3rd period - Goal by Tommy Wingels - Phoenix : 2 - Flavour Savers : 4.
3:24 of 3rd period - Blair Jones wins face-off versus Kyle Brodziak in neutral zone.
3:33 of 3rd period - Snap shot by Sergey Kalinin.
3:33 of 3rd period - Deflect By Matt Beleskey.
3:33 of 3rd period - Shot Blocked by Andrew MacWilliam.
3:33 of 3rd period - Puck is out of play.
3:34 of 3rd period - Kyle Brodziak wins face-off versus Blair Jones in Phoenix zone.
3:38 of 3rd period - Off-side.
3:39 of 3rd period - Jared McCann wins face-off versus Chris Vande Velde in neutral zone.
3:54 of 3rd period - Wrist shot by Tommy Wingels.
3:54 of 3rd period - Shot Misses the Net.
4:16 of 3rd period - Snap shot by Blair Jones.
4:16 of 3rd period - Shot Blocked by Brett Pesce.
4:25 of 3rd period - Minor Penalty to Mark Giordano for Interference.
4:26 of 3rd period - Chris Vande Velde wins face-off versus Jared McCann in Flavour Savers zone.
4:37 of 3rd period - Off-side.
4:38 of 3rd period - Jared McCann wins face-off versus Chris Vande Velde in neutral zone.
4:49 of 3rd period - Snap shot by Jared McCann.
4:49 of 3rd period - Stopped by Magnus Hellberg without a rebound.
4:50 of 3rd period - Jared McCann wins face-off versus Chris Vande Velde in Phoenix zone.
4:53 of 3rd period - Snap shot by Jared McCann.
4:53 of 3rd period - Shot Blocked by Chris Vande Velde.
5:03 of 3rd period - Wrist shot by Brett Pesce.
5:03 of 3rd period - Deflect By Chris Vande Velde.
5:03 of 3rd period - Shot Blocked by Steven Oleksy.
5:03 of 3rd period - Puck is out of play.
5:04 of 3rd period - Chris Vande Velde wins face-off versus Jared McCann in Flavour Savers zone.
5:19 of 3rd period - Snap shot by Chris Vande Velde.
5:19 of 3rd period - Shot Blocked by Steven Oleksy.
6:25 of 3rd period - Penalty to Mark Giordano is over, Mark Giordano is back on ice.
6:39 of 3rd period - Wrist shot by Ben Holmstrom.
6:39 of 3rd period - Shot Misses the Net.
6:41 of 3rd period - Slapshot by Brett Lernout.
6:41 of 3rd period - Deflect By Mark Giordano.
6:41 of 3rd period - Stopped by Scott Darling with a rebound.
6:43 of 3rd period - Snap shot by Joseph Cramarossa.
6:43 of 3rd period - Stopped by Scott Darling with a rebound.
6:45 of 3rd period - Slapshot by Brett Lernout.
6:45 of 3rd period - Deflect By Joseph Cramarossa.
6:45 of 3rd period - Shot Blocked by Steven Oleksy.
6:45 of 3rd period - Puck is out of play.
6:46 of 3rd period - Mikhail Grigorenko wins face-off versus Brett Sutter in Flavour Savers zone.
7:13 of 3rd period - Brett Lernout is hit by Jared McCann and loses puck.
8:04 of 3rd period - Slapshot by Brett Pesce.
8:04 of 3rd period - Deflect By Brett Sutter.
8:04 of 3rd period - Stopped by Scott Darling with a rebound.
8:06 of 3rd period - Wrist shot by Lucas Lessio.
8:06 of 3rd period - Stopped by Scott Darling with a rebound.
8:12 of 3rd period - Wrist shot by Matt Puempel.
8:12 of 3rd period - Shot Misses the Net.
8:14 of 3rd period - Snap shot by Brett Sutter.
8:14 of 3rd period - Stopped by Scott Darling with a rebound.
8:36 of 3rd period - Wrist shot by Tommy Wingels.
8:36 of 3rd period - Shot Blocked by Frank Corrado.
8:39 of 3rd period - Icing by Josh Brown.
8:40 of 3rd period - Kyle Brodziak wins face-off versus Jared McCann in Flavour Savers zone.
8:41 of 3rd period - Wrist shot by Jim Slater.
8:41 of 3rd period - Shot Blocked by Jared McCann.
8:43 of 3rd period - Slapshot by Andrew MacWilliam.
8:43 of 3rd period - Stopped by Scott Darling with a rebound.
8:45 of 3rd period - Wrist shot by Jim Slater.
8:45 of 3rd period - Shot Blocked by Frank Corrado.
8:47 of 3rd period - Snap shot by Kyle Brodziak.
8:47 of 3rd period - Shot Misses the Net.
8:49 of 3rd period - Wrist shot by Kyle Brodziak.
8:49 of 3rd period - Stopped by Scott Darling without a rebound.
8:50 of 3rd period - Blair Jones wins face-off versus Kyle Brodziak in Flavour Savers zone.
9:15 of 3rd period - Snap shot by Jim Slater.
9:15 of 3rd period - Shot Misses the Net.
9:17 of 3rd period - Snap shot by Jim Slater.
9:17 of 3rd period - Stopped by Scott Darling with a rebound.
9:19 of 3rd period - Wrist shot by Patrick Dwyer.
9:19 of 3rd period - Stopped by Scott Darling with a rebound.
9:21 of 3rd period - Wrist shot by Kyle Brodziak.
9:21 of 3rd period - Deflect By Patrick Dwyer.
9:21 of 3rd period - Shot Misses the Net.
9:21 of 3rd period - Puck is out of play.
9:22 of 3rd period - Blair Jones wins face-off versus Chris Vande Velde in Flavour Savers zone.
9:35 of 3rd period - Snap shot by Tommy Wingels.
9:35 of 3rd period - Shot Blocked by Steven Oleksy.
10:01 of 3rd period - Snap shot by Max Domi.
10:01 of 3rd period - Stopped by Magnus Hellberg with a rebound.
10:03 of 3rd period - Snap shot by Jared McCann.
10:03 of 3rd period - Stopped by Magnus Hellberg without a rebound.
10:04 of 3rd period - Connor Brickley wins face-off versus Chris Vande Velde in Phoenix zone.
10:09 of 3rd period - Wrist shot by Mikhail Grigorenko.
10:09 of 3rd period - Stopped by Magnus Hellberg with a rebound.
10:11 of 3rd period - Slapshot by Mikhail Grigorenko.
10:11 of 3rd period - Stopped by Magnus Hellberg without a rebound.
10:12 of 3rd period - Mikhail Grigorenko wins face-off versus Chris Vande Velde in Phoenix zone.
10:21 of 3rd period - Snap shot by Mikhail Grigorenko.
10:21 of 3rd period - Shot Misses the Net.
10:23 of 3rd period - Snap shot by Jonny Brodzinski.
10:23 of 3rd period - Stopped by Magnus Hellberg without a rebound.
10:24 of 3rd period - Jared McCann wins face-off versus Chris Vande Velde in Phoenix zone.
10:34 of 3rd period - Stephen Johns is hit by Max Domi and loses puck.
11:15 of 3rd period - Slapshot by Lucas Lessio.
11:15 of 3rd period - Shot Misses the Net.
11:17 of 3rd period - Slapshot by Brett Pesce.
11:17 of 3rd period - Shot Misses the Net.
11:19 of 3rd period - Wrist shot by Matt Puempel.
11:19 of 3rd period - Stopped by Scott Darling without a rebound.
11:20 of 3rd period - Chris Vande Velde wins face-off versus Jared McCann in Flavour Savers zone.
11:55 of 3rd period - Snap shot by Tommy Wingels.
11:55 of 3rd period - Shot Misses the Net.
11:57 of 3rd period - Wrist shot by Mike Zalewski.
11:57 of 3rd period - Shot Hit the Post.
12:19 of 3rd period - Backhand shot by Chris Vande Velde.
12:19 of 3rd period - Deflect By Tommy Wingels.
12:19 of 3rd period - Shot Blocked by Jonny Brodzinski.
12:19 of 3rd period - Puck is out of play.
12:20 of 3rd period - Jared McCann wins face-off versus Kyle Brodziak in Flavour Savers zone.
12:27 of 3rd period - Snap shot by Max Domi.
12:27 of 3rd period - Stopped by Magnus Hellberg with a rebound.
12:46 of 3rd period - Wrist shot by Joseph Cramarossa.
12:46 of 3rd period - Shot Misses the Net.
12:48 of 3rd period - Snap shot by Par Lindholm.
12:48 of 3rd period - Shot Misses the Net.
12:50 of 3rd period - Slapshot by Brett Lernout.
12:50 of 3rd period - Shot Blocked by Steven Oleksy.
12:50 of 3rd period - Steven Oleksy from Flavour Savers is injured at 12:50 of 3rd period (Sprained Left Ankle).
12:51 of 3rd period - Jared McCann wins face-off versus Tommy Wingels in Flavour Savers zone.
12:51 of 3rd period - Jared McCann is hit by Tommy Wingels.
13:17 of 3rd period - Matt Beleskey is hit by Brett Pesce and loses puck.
13:54 of 3rd period - Minor Penalty to Brett Sutter for Roughing.
13:55 of 3rd period - Jared McCann wins face-off versus Tommy Wingels in Phoenix zone.
14:02 of 3rd period - Snap shot by Andreas Athanasiou.
14:02 of 3rd period - Shot Blocked by Stephen Johns.
14:04 of 3rd period - Wrist shot by Andrew Campbell.
14:04 of 3rd period - Flavour Savers goal is going for a video replay.
14:04 of 3rd period - The goal is refused. The puck has entered the net after making contact with an attacking player’s stick that is above the height of the crossbar..
14:05 of 3rd period - Tommy Wingels wins face-off versus Jared McCann in Phoenix zone.
14:14 of 3rd period - Snap shot by Tommy Wingels.
14:14 of 3rd period - Deflect By Mike Zalewski.
14:14 of 3rd period - Stopped by Scott Darling with a rebound.
14:20 of 3rd period - Mike Zalewski is hit by Max Domi and loses puck.
14:35 of 3rd period - Mike Zalewski is hit by Max Domi.
15:34 of 3rd period - Wrist shot by Max Domi.
15:34 of 3rd period - Stopped by Magnus Hellberg without a rebound.
15:35 of 3rd period - Mikhail Grigorenko wins face-off versus Tommy Wingels in Phoenix zone.
15:54 of 3rd period - Penalty to Brett Sutter is over, Brett Sutter is back on ice.
16:06 of 3rd period - Snap shot by Par Lindholm.
16:06 of 3rd period - Stopped by Scott Darling without a rebound.
16:07 of 3rd period - Mikhail Grigorenko wins face-off versus Par Lindholm in Flavour Savers zone.
16:07 of 3rd period - Mikhail Grigorenko is hit by Stephen Johns.
16:31 of 3rd period - Wrist shot by Ben Holmstrom.
16:31 of 3rd period - Stopped by Scott Darling without a rebound.
16:32 of 3rd period - Brett Sutter wins face-off versus Blair Jones in Flavour Savers zone.
16:35 of 3rd period - Backhand shot by Lucas Lessio.
16:35 of 3rd period - Shot Misses the Net.
16:37 of 3rd period - Slapshot by Matt Puempel.
16:37 of 3rd period - Shot Hit the Post.
16:39 of 3rd period - Slapshot by Brett Lernout.
16:39 of 3rd period - Stopped by Scott Darling without a rebound.
16:40 of 3rd period - Blair Jones wins face-off versus Brett Sutter in Flavour Savers zone.
16:42 of 3rd period - Minor Penalty to Matt Beleskey for Hooking.
16:43 of 3rd period - Chris Vande Velde wins face-off versus Jared McCann in Flavour Savers zone.
17:18 of 3rd period - Slapshot by Brett Pesce.
17:18 of 3rd period - Shot Misses the Net.
17:44 of 3rd period - Jared McCann is hit by Kyle Brodziak and loses puck.
18:37 of 3rd period - Andrew Campbell is hit by Chris Vande Velde and loses puck.
18:42 of 3rd period - Penalty to Matt Beleskey is over, Matt Beleskey is back on ice.
18:50 of 3rd period - Ryan White is hit by Matt Puempel.
19:21 of 3rd period - Icing by Joseph Cramarossa.
19:22 of 3rd period - Sergey Kalinin wins face-off versus Kyle Brodziak in Phoenix zone.
Goals for this period are 1 for Phoenix vs 0 for Flavour Savers.
Shots for this period are 16 for Phoenix vs 12 for Flavour Savers.